 Dungeon Crawl Stone Soup version 0.31-a0-865-g3d5d91748a (webtiles) character file.

Game seed: 4653910263873559423

299 ytrimaz the Sneak (level 6, -1/38 HPs)
             Began as an Octopode Shapeshifter on Oct 10, 2023.
             Slain by a gnoll
             ... wielding a +0 spear
              (3 damage)
             ... on level 3 of the Dungeon.
             The game lasted 00:03:20 (2339 turns).

ytrimaz the Sneak (Octopode Shapeshifter)           Turns: 2339, Time: 00:03:20

Health: -1/38      AC:  1    Str: 13      XL:     6   Next: 36%
Magic:  6/6        EV: 13    Int: 10 (12) God:
Gold:   136        SH:  0    Dex: 13 (14) Spells: 5/5 levels left

rFire   . .          .
                       - Unarmed
rCold   . . .        (no shield)
rNeg    . . .        (helmet currently unavailable)
rPois   .            (no amulet)
rElec   .            h - +4 ring of slaying
rCorr   .            (no ring)
SInv    .            (no ring)
Will    .....        (no ring)
Stlth   ++++         (no ring)
HPRegen 0.26/turn    (no ring)
MPRegen 0.10/turn    (no ring)
                     (no ring)

%: no passive effects
@: mighty, about to teleport, beast-form
A: beast (slay +2), almost no armour, amphibious, 8 rings, camouflage 1,
gelatinous body 1, (nimble swimmer 1), tentacles
a: Begin Untransformation


You were on level 3 of the Dungeon.
You were a hulking beast.
You visited 1 branch of the dungeon, and saw 3 of its levels.

You collected 136 gold pieces.


Innate Abilities, Weirdness & Mutations

You are a hulking beast.
Your limbs bulge with bestial killing power. (Slay +2)
You cannot wear most types of armour.
You are amphibious.
You can wear up to eight rings at the same time.
Your skin changes colour to match your surroundings (Stealth+).
Your rubbery body absorbs attacks. (AC +1, EV +1)
((You are camouflaged when in or above water. (Stealth+)))
You have tentacles for arms and can constrict up to eight enemies at once.


   Skills:
 - Level 1.0 Fighting
 - Level 2.0 Dodging
 + Level 6.1 Stealth
 - Level 3.0 Unarmed Combat
 + Level 5.0 Shapeshifting


You had 5 spell levels left.
You didn't know any spells.
Your spell library contained the following spells:

 Spells                   Type           Power      Damage    Failure   Level
 Cigotuvi's Dreadful Rot  Necr/Pois/Air  0%         N/A       50%         2
 Ignite Poison            Fire/Tmut/Pois 0%         N/A       75%         3
 Freezing Cloud           Conj/Ice/Air   0%         6-21      100%        5

Inventory:

Jewellery
 h - a +4 ring of slaying (left tentacle)
   (You found it on level 2 of the Dungeon)
 j - a ring of fire
   (You found it on level 2 of the Dungeon)
Talismans
 b - a beast talisman (active)
 c - a flux talisman
Scrolls
 a - a scroll of revelation {unknown}
 d - a scroll of enchant weapon {unknown}
 e - a scroll of summoning {unknown}
 f - 3 scrolls of identify
 g - a scroll of amnesia {unknown}
 k - a scroll of enchant armour {unknown}
 l - a scroll of teleportation
Potions
 i - a potion of might

Dungeon Overview and Level Annotations

Branches:
Dungeon (3/15) Zot: 15669

Altars:
Hepliaklqana

...............# #.#
..............># #.#
......og....)..# #.#
.........g....## #.#
.####.........# #.#
.......#......####.#######
.........................#
.##......##..o####.####.##
.........'...gg.h.......#
.........##.).####.#######
.........................#
.........##).....#.#####.#
.................#.# #.#
..........#......#.## #.#
.....#####........).# #.#
)....#...#<.........# #.#
.....#._.#<.........####.##


You could see 2 gnolls and an orc.


Message History

You see here a hobgoblin corpse.
Natasha, Servant of Life and Death comes into view.
Natasha hisses angrily.
You bludgeon Natasha! Your grab misses Natasha. Your squeeze misses Natasha.
Natasha completely misses you.
You bludgeon Natasha!
You kill Natasha!
Natasha screams in pain as she dies!
You feel your dexterity returning.
Your Stealth skill increases to level 6!
Your Shapeshifting skill increases to level 5!
You see here the felid corpse of Natasha.
Key pressed, stopping explore.
A gnoll comes into view. It is wielding a +0 club.
A gnoll is nearby!
A gnoll is nearby!
A gnoll comes into view. It is wielding a +0 whip.
A gnoll comes into view. It is wielding a +0 spear.
An orc comes into view. It is wielding a +0 hand axe.
The gnoll shouts!
You tentacle-slap the gnoll. You grab the gnoll. You constrict the gnoll.
The gnoll completely misses you.
You tentacle-slap the gnoll but do no damage.
You constrict the gnoll. The gnoll closely misses you.
You tentacle-slap the gnoll. You squeeze the gnoll.
You kill the gnoll!
Things that are here:
a +0 whip; a gnoll corpse An orc is nearby!
An orc is nearby!
An orc is nearby!
The orc shouts!
The orc closely misses you.
The orc hits you with a +0 hand axe. 😕 HP[-6]
You take 6 damage, and now have 32/38 hp.
The orc barely misses you.
An orc comes into view. It is wielding a +0 dagger.
The orc shouts!
You bludgeon the orc!
You kill the orc!
You hear a shout!
Things that are here:
a +0 hand axe; a +0 scale mail; an orc corpse 😕 HP[+1]
Things that are here:
a +0 hand axe; a +0 scale mail; an orc corpse 😕 HP[+1]
The gnoll shouts!
You hear a shout!
A gnoll comes into view. It is wielding a +0 spear.
The orc hits you with a +0 dagger. 😕 HP[-2]
You take 2 damage, and now have 32/38 hp.
The gnoll shouts!
You tentacle-slap the orc. Your grab misses the orc. You squeeze the orc.
You kill the orc!
You hear a shout!
Things that are here:
a +0 dagger; a +0 ring mail An orc comes into view.
It is wielding a +0 mace.
The gnoll misses you. 😕 HP[+1]
The gnoll closely misses you.
The gnoll hits you with a +0 spear! 😮 HP[-7]
You take 7 damage, and now have 26/38 hp.
The gnoll hits you but does no damage. The gnoll hits you with a +0 spear!
* * * LOW HITPOINT WARNING * * *
😨 HP[-7]
You take 7 damage, and now have 19/38 hp.
The gnoll barely misses you. The gnoll attacks as it pursues you!
The gnoll hits you from afar with a +0 spear!
* * * LOW HITPOINT WARNING * * *
The gnoll attacks as it pursues you! The gnoll barely misses you. 😨 HP[-8]
You take 8 damage, and now have 11/38 hp.
MASSIVE DAMAGE!! (PAUSE)
Okay, then.
Okay, then.
As you read the scroll labelled AGACUY FITHRIM, it crumbles to dust.
It is a scroll of identify.
l - 2 scrolls of teleportation The gnoll hits you from afar with a +0 spear.
* * * LOW HITPOINT WARNING * * *
😱 HP[-2]
You take 2 damage, and now have 9/38 hp.
The gnoll hits you from afar with a +0 spear.
* * * LOW HITPOINT WARNING * * *
😱 HP[-3]
You take 3 damage, and now have 6/38 hp.
As you read the scroll of teleportation, it crumbles to dust.
You feel strangely unstable.
The gnoll hits you from afar with a +0 spear.
* * * LOW HITPOINT WARNING * * *
😱 HP[-5]
You take 5 damage, and now have 1/38 hp.
It was a potion of might.
You feel very mighty all of a sudden.
The gnoll hits you from afar with a +0 spear.
You die...

Skill      XL: |  1  2  3  4  5  6 |
---------------+-------------------+-----
Stealth        | 1 2 3 4 5 6 |  6.1
Shapeshifting  | 4 5 |  5.0
Fighting       | |  1.0
Dodging        | |  2.0
Unarmed Combat | |  3.0

Action                     |  1- 3 |  4- 6 || total
---------------------------+-------+-------++-------
  Melee: Unarmed           |    69 |    56 ||   125
         Constrict         |    12 |    15 ||    27
         Tentacles         |     6 |     9 ||    15
         Punch             |     2 |     2 ||     4
    Use: Potion            |     1 |     4 ||     5
         Scroll            |       |     2 ||     2
   Stab: Sleeping          |    11 |     2 ||    13
 Armour: Skin              |    32 |    42 ||    74
  Dodge: Dodged            |    39 |    43 ||    82

Levels and vault maps discovered:
D:1:      dpeg_arrival_fog, layout_rooms, dilly_ecumenical_altar_fadedgnrine
D:2:      layout_loops_corners
D:3:      lemuel_castle_with_subvaults [lemuel_castle_interior_original],
          layout_basic, nzn_hepliaklqana_mist_gate, guppyfry_early_lair_pool,
          uniq_natasha

Notes
Turn   | Place    | Note
-------+----------+-------------------------------------------
     0 | D:1      | ytrimaz the Octopode Shapeshifter began the quest for the
                  | Orb.
     0 | D:1      | Reached XP level 1. HP: 13/13 MP: 1/1
     0 | D:1      | magus.rc [v1.9.6]
    60 | D:1      | Reached skill level 1 in Stealth
    77 | D:1      | Reached XP level 2. HP: 6/18 MP: 2/2
    77 | D:1      | HP: 3/18 [kobold/+0 club (3)]
    82 | D:1      | HP: 4/27 [hobgoblin (2)]
    90 | D:1      | Reached skill level 2 in Stealth
   283 | D:1      | Reached XP level 3. HP: 23/23 MP: 3/3
   498 | D:1      | Found a faded altar of an unknown god.
   700 | D:2      | Reached skill level 3 in Stealth
  1451 | D:3      | Reached XP level 4. HP: 15/28 MP: 4/4
  1459 | D:3      | HP: 7/28 [jackal (1)]
  1460 | D:3      | HP: 3/28 [jackal (2)]
  1467 | D:3      | Reached skill level 4 in Shapeshifting
  1582 | D:3      | Found a hazy altar of Hepliaklqana.
  1654 | D:3      | You add the spells Cigotuvi's Dreadful Rot, Ignite Poison
                  | and Freezing Cloud to your library.
  1711 | D:3      | Noticed Natasha
  1714 | D:3      | Killed Natasha
  1715 | D:3      | Reached skill level 4 in Stealth
  1853 | D:3      | Reached XP level 5. HP: 29/33 MP: 5/5
  1858 | D:3      | Reached skill level 5 in Stealth
  2009 | D:3      | Reached XP level 6. HP: 38/38 MP: 6/6
  2246 | D:3      | Noticed Natasha
  2250 | D:3      | Killed Natasha
  2251 | D:3      | Reached skill level 6 in Stealth
  2251 | D:3      | Reached skill level 5 in Shapeshifting
  2336 | D:3      | HP: 9/38 [gnoll/+0 spear (2)]
  2338 | D:3      | HP: 1/38 [gnoll/+0 spear (5)]
  2339 | D:3      | Slain by a gnoll

Vanquished Creatures
  A howler monkey (D:3)
  3 hounds (D:3)
  Natasha (twice) (D:3)
  4 gnolls
  2 dart slugs
  4 orcs (D:3)
  4 endoplasms
  2 giant cockroaches
  5 goblins
  6 hobgoblins
  14 jackals (D:3)
  3 ball pythons (D:1)
  7 bats
  3 frilled lizards
  3 kobolds (D:1)
  7 rats
70 creatures vanquished.

Table legend:
 A = Non-vault XP
 B = Vault XP
 C = Vault XP percentage of total XP
 D = Non-vault monster count
 E = Vault monster count
 F = Vault count percentage of total count
                 A         B        C        D         E       F
            +---------+---------+-------+---------+---------+-------
      Total |     174 |     254 |  59.3 |      49 |      21 |  30.0
            +---------+---------+-------+---------+---------+-------
        D:1 |      52 |       0 |   0.0 |      22 |       0 |   0.0
        D:2 |      19 |       0 |   0.0 |      12 |       0 |   0.0
        D:3 |     103 |     254 |  71.1 |      15 |      21 |  58.3
            +---------+---------+-------+---------+---------+-------

Skill      XL: |  1  2  3  4  5  6 |
---------------+-------------------+-----
Stealth        | 1 2 3 4 5 6 |  6.1
Shapeshifting  | 4 5 |  5.0
Fighting       | |  1.0
Dodging        | |  2.0
Unarmed Combat | |  3.0

Action                     |  1- 3 |  4- 6 || total
---------------------------+-------+-------++-------
  Melee: Unarmed           |    69 |    56 ||   125
         Constrict         |    12 |    15 ||    27
         Tentacles         |     6 |     9 ||    15
         Punch             |     2 |     2 ||     4
    Use: Potion            |     1 |     4 ||     5
         Scroll            |       |     2 ||     2
   Stab: Sleeping          |    11 |     2 ||    13
 Armour: Skin              |    32 |    42 ||    74
  Dodge: Dodged            |    39 |    43 ||    82

Illustrated notes

Table legend:
 A = Kills in this place as a percentage of kills in the entire game.
 B = Kills by you in this place as a percentage of kills by you in the entire game.
 C = Kills by friends in this place as a percentage of kills by friends in the entire game.
 D = Other kills in this place as a percentage of other kills in the entire game.
 E = Experience gained in this place as a percentage of experience gained in the entire game.
 F = Experience gained in this place divided by the number of levels of this place that you have seen.
                   A       B       C       D       E      F
               +-------+-------+-------+-------+-------+----------------------
         Total | 100.0 | 100.0 |   N/A |   N/A | 100.0 | 142.7
       Dungeon | 100.0 | 100.0 |   N/A |   N/A | 100.0 | 142.7
               +-------+-------+-------+-------+-------+----------------------

Table legend: (Time is in decaauts)
 A = Elapsed time spent in this place.
 B = Non-inter-level travel time spent in this place.
 C = Inter-level travel time spent in this place.
 D = Time resting spent in this place.
 E = Time spent auto-exploring this place.
 F = Levels seen in this place.
 G = Mean time per level.
                   A        B        C        D        E       F      G
               +--------+--------+--------+--------+--------+-----+--------+
         Total |   2329 |   2269 |     60 |     62 |   1725 |   3 |  776.3 |
       Dungeon |   2329 |   2269 |     60 |     62 |   1725 |   3 |  776.3 |
               +--------+--------+--------+--------+--------+-----+--------+

Top non-repeatable levels by time:
     D:3: 930 daAuts
     D:2: 818 daAuts
     D:1: 581 daAuts
